 Dungeon Crawl Stone Soup version 0.30-a0-879-ga8ba668304 (webtiles) character file.

Game seed: 2150561355479257263

139 FallingFreak the Grasshopper (level 5, -1/41 HPs)
             Began as a Ghoul Warper on Mar 13, 2023.
             Killed from afar by an orc wizard (7 damage)
             ... with a magic dart
             ... on level 3 of the Dungeon.
             The game lasted 00:09:23 (2554 turns).

FallingFreak the Grasshopper (Ghoul Warper)         Turns: 2554, Time: 00:09:23

Health: -1/41      AC:  5    Str: 15    XL:     5   Next: 22%
Magic:  7/8        EV: 10    Int: 10    God:
Gold:   76         SH:  0    Dex:  8    Spells: 5/9 levels left

rFire   . . .      SeeInvis .    b - +0 dagger (venom)
rCold   + . .      Faith    .    (no shield)
rNeg    + + +      Spirit   .    j - +0 ring mail
rPois   ∞          Reflect  .    (no helmet)
rElec   .          Rampage  .    (no cloak)
rCorr   .                        (no gloves)
Will    .....                    (no boots) Stlth
                                 (no amulet)
HPRegen 0.00/turn                (no ring)
MPRegen 0.11/turn                (no ring)

@: inhibited regen
A: claws 1, cold resistance 1, negative energy resistance 3, inhibited
regeneration, torment resistance 2, devour on kill
a: no special abilities


You were on level 3 of the Dungeon.
You visited 1 branch of the dungeon, and saw 3 of its levels.

You collected 102 gold pieces.
You spent 26 gold pieces at shops.

Inventory:

Hand Weapons
 a - a +0 hand axe
 b - a +0 dagger of venom (weapon)
 w - a +0 sling
Missiles
 d - 7 boomerangs of dispersal (quivered) {!f}
Armour
 j - a +0 ring mail (worn)
 k - a +0 leather armour
Jewellery
 i - an amulet of faith {@P6}
Scrolls
 c - a scroll of enchant weapon
 f - 4 scrolls of blinking
 n - a scroll of magic mapping {unknown}
 q - a scroll of brand weapon {unknown}
 r - a scroll of identify
 s - a scroll of immolation {unknown}
 u - a scroll of teleportation {unknown}
Potions
 g - 2 potions of resistance {unknown}
 h - a potion of degeneration {unknown}
 l - a potion of brilliance {unknown}
 m - 2 potions of mutation {unknown}
 o - 2 potions of magic {unknown}
 p - a potion of haste {unknown}
 t - a potion of invisibility {unknown}
 z - 3 potions of curing


   Skills:
 - Level 2.1 Fighting
 + Level 2.7 Axes
 - Level 0.8 Throwing
 + Level 2.2 Armour
 - Level 1.7 Dodging
 + Level 2.6 Spellcasting
 + Level 3.4 Translocations


You had 5 spell levels left.
You knew the following spells:

 Your Spells              Type           Power      Damage    Failure   Level
c - Blink                 Tloc           16%        N/A       21%         2
Z - Lesser Beckoning      Tloc           16%        N/A       21%         2

Your spell library contained the following spells:

 Spells                   Type           Power      Damage    Failure   Level
 Teleport Other           Tloc           8%         N/A       38%         3
 Vhi's Electric Charge    Tloc/Air       8%         N/A       63%         3
 Manifold Assault         Tloc           8%         N/A       80%         4


Dungeon Overview and Level Annotations

Branches:
Dungeon (3/15) Zot: 15420

Altars:
Sif Muna

Shops:
D:1 ?


Innate Abilities, Weirdness & Mutations

You are immune to poison.
You have sharp fingernails.
Your flesh is cold resistant. (rC+)
You are immune to negative energy. (rN+++)
You do not regenerate when monsters are visible.
You are immune to unholy pain and torment.
You thrive by killing the living.


Message History

* * * LOW HITPOINT WARNING * * *
You hit the orc wizard but do no damage.
The orc wizard looks as sick as possible!
The orc wizard is heavily wounded.
The orc wizard hits you but does no damage.
You bump into the rock wall.
You kill the orc wizard!
You have reached level 5!
You feel stronger.
You bump into the rock wall.
Something hits you.
* * * LOW HITPOINT WARNING * * *
You bump into the rock wall.
You hear some strange, mumbled words.
You are more confused.
You closely miss something. Something hits you.
* * * LOW HITPOINT WARNING * * *
You bump into the rock wall.
Something hits you but does no damage.
You bump into the rock wall.
Something hits you.
* * * LOW HITPOINT WARNING * * *
You barely miss something. Something hits you.
* * * LOW HITPOINT WARNING * * *
You barely miss something.
You hear some strange, mumbled words.
Something tries to affect you, but you resist.
You barely miss something. Something hits you.
* * * LOW HITPOINT WARNING * * *
You're too confused to move!
You hear some strange, mumbled words.
A puff of flame appears from out of thin air!
The puff of flame hits you.
* * * LOW HITPOINT WARNING * * *
You barely miss something.
You feel less confused.
An orc wizard appears from thin air!
Reactivating autopickup.
The orc wizard misses you.
You barely miss the orc wizard. The orc wizard casts a spell at you.
The magic dart hits you!
You die...

#......###o#
#......# #@#
######......# #.#
#...........# #.#
###.####†####.# #.#
#...##.....##.# #†#
#.#.#.......#.###.#
#.#.#.......#.....#
#......._.....#.###
#...#.......#...#
###.#.......#..##
#.##.....##.##
#.####.####.#
#...........#
###..##.#####
#####.....#
#<....#####


You could see an orc wizard.

Vanquished Creatures
  An orc wizard (D:3)
  5 adders (D:2)
  2 worms (D:2)
  3 dart slugs
  An orc (D:3)
  2 bats
  7 endoplasms
  3 giant cockroaches
  4 goblins
  2 hobgoblins (D:2)
  6 jackals (D:1)
  2 kobolds
  2 quokkas
  5 ball pythons
  6 frilled lizards
  5 rats
56 creatures vanquished.

Notes
Turn   | Place    | Note
-------+----------+-------------------------------------------
     0 | D:1      | FallingFreak the Ghoul Warper began the quest for the Orb.
     0 | D:1      | Reached XP level 1. HP: 17/17 MP: 2/2
    45 | D:1      | Found a faded altar of an unknown god.
   380 | D:1      | Reached skill level 1 in Armour
   405 | D:1      | Reached XP level 2. HP: 19/24 MP: 3/3
   412 | D:1      | Learned a level 2 spell: Blink
   958 | D:1      | Increase (s)trength, (i)ntelligence, or (d)exterity?
   958 | D:1      | Reached XP level 3. HP: 23/29 MP: 5/5
  1019 | D:1      | Reached skill level 3 in Translocations
  1163 | D:1      | Found Ogaxe's Magic Scroll Shoppe.
  1171 | D:1      | Bought a scroll of identify for 26 gold pieces
  1441 | D:1      | Learned a level 2 spell: Lesser Beckoning
  1786 | D:2      | Reached XP level 4. HP: 36/36 MP: 6/6
  2383 | D:3      | Found a shimmering blue altar of Sif Muna.
  2544 | D:3      | Reached XP level 5. HP: 18/41 MP: 6/8
  2554 | D:3      | Killed from afar by an orc wizard

Illustrated notes

Levels and vault maps discovered:
D:1:      lemuel_arrival_broad_hall, layout_basic, serial_shops, shop,
          hellmonk_ecumenical_altar_pennies_from_heaven, minmay_vboxes
D:2:      layout_basic, minmay_ruptured
D:3:      layout_basic, amcnicky_altar_gilded, old_standard_altar,
          minmay_misc_feat_tower

Skill      XL: |  1  2  3  4 |
---------------+-------------+-----
Armour         | 1 2 |  2.2
Axes           | 2 |  2.7
Spellcasting   | 2 |  2.6
Translocations | 3 |  3.4
Fighting       | |  2.1
Throwing       | |  0.8
Dodging        | |  1.7

Action                     |  1- 3 |  4- 6 || total
---------------------------+-------+-------++-------
  Melee: Hand axe          |   109 |       ||   109
         Dagger            |    47 |    83 ||   130
         Punch             |     2 |       ||     2
   Fire: Sling             |       |     5 ||     5
    Use: Scroll            |     1 |       ||     1
 Armour: Leather armour    |    27 |       ||    27
         Ring mail         |    16 |    23 ||    39
  Dodge: Dodged            |    77 |    36 ||   113

Table legend: (Time is in decaauts)
 A = Elapsed time spent in this place.
 B = Non-inter-level travel time spent in this place.
 C = Inter-level travel time spent in this place.
 D = Time resting spent in this place.
 E = Time spent auto-exploring this place.
 F = Levels seen in this place.
 G = Mean time per level.
                   A        B        C        D        E       F      G
               +--------+--------+--------+--------+--------+-----+--------+
         Total |   2578 |   2497 |     81 |    596 |   1324 |   3 |  859.3 |
       Dungeon |   2578 |   2497 |     81 |    596 |   1324 |   3 |  859.3 |
               +--------+--------+--------+--------+--------+-----+--------+

Top non-repeatable levels by time:
     D:1: 1479 daAuts
     D:2: 906 daAuts
     D:3: 192 daAuts
